 Dungeon Crawl Stone Soup version 0.30-a0-165-g1891117ce2 (webtiles) character file.

Game seed: 3476874181781491361

221 dave1331 the Sneak (level 5, -6/28 HPs)
             Began as a Vine Stalker Brigand on Sept 29, 2022.
             Mangled by Duvessa
             ... wielding a +1 short sword of speed
              (7 damage)
             ... on level 4 of the Dungeon.
             The game lasted 00:14:06 (1274 turns).

dave1331 the Sneak (Vine Stalker Brigand)           Turns: 1274, Time: 00:14:07

Health: -6/28      AC:  8    Str: 16    XL:     5   Next: 98%
Magic:  0/6        EV: 14    Int: 11    God:
Gold:   24         SH:  0    Dex: 15    Spells: 4/4 levels left

rFire   . . .      SeeInvis .    i - +0 rapier
rCold   . . .      Faith    .    (no shield)
rNeg    + . .      Spirit   +    h - +1 scale mail {rN+}
rPois   .          Reflect  .    (no helmet)
rElec   .          Harm     .    c - +0 cloak
rCorr   .          Rampage  .    (no gloves)
Will    .....                    (no boots)
Stlth   ++........               (no amulet)
HPRegen 0.89/turn                g - +4 ring of evasion
MPRegen 0.10/turn                (no ring)

@: no status effects
A: fangs 2, regeneration 1, magic shield, antimagic bite, no potion heal 2
a: no special abilities


You were on level 4 of the Dungeon.
You visited 1 branch of the dungeon, and saw 4 of its levels.

You collected 24 gold pieces.

Inventory:

Hand Weapons
 a - a +2 dagger
 i - a +0 rapier (weapon)
Missiles
 d - 9 poisoned darts (quivered)
 e - 6 curare-tipped darts
Armour
 b - a +0 robe
 c - a +0 cloak (worn)
 f - a +0 pair of boots
 h - a +1 scale mail of positive energy (worn)
Jewellery
 g - a +4 ring of evasion (left hand)
Potions
 j - a potion of lignification {unknown}


   Skills:
 + Level 2.9 Fighting
 + Level 2.9 Short Blades
 + Level 2.8 Throwing
 + Level 2.0 Dodging
 + Level 5.8 Stealth


You had 4 spell levels left.
You didn't know any spells.
Your spell library contained the following spells:

 Spells                   Type           Power      Damage    Failure   Level
 Passage of Golubria      Tloc           0%         N/A       100%        4
 Silence                  Hex/Air        0%         N/A       100%        5
 Lehudib's Crystal Spear  Conj/Erth      0%         10d2      100%        8


Dungeon Overview and Level Annotations

Branches:
Dungeon (4/15)
 Temple: D:4-7

Altars:
Vehumet

Annotations:
D:4 Dowan, Duvessa


Innate Abilities, Weirdness & Mutations

You have extremely sharp teeth.
Your natural rate of healing is unusually fast.
When hurt, damage is shared between your health and your magic reserves.
Your bite disrupts and absorbs the magic of your enemies.
Potions cannot restore your health.


Message History

You hit the gnoll. You bite the gnoll, but do no damage.
The gnoll is moderately wounded.
Dowan hits you but does no damage. The giant cockroach misses you.
Dowan closely misses you. The gnoll barely misses you.
The gnoll closely misses you. The gnoll barely misses you.
You hit the gnoll.
The gnoll is severely wounded.
The giant cockroach bites you but does no damage.
Dowan mumbles some strange words.
Dowan blinks!
The gnoll barely misses you. x2
The gnoll completely misses you.
The giant cockroach completely misses you.
You hit the gnoll but do no damage. Your bite misses the gnoll.
The gnoll is severely wounded.
Dowan's robes are whipped around by a magical breeze.
The giant cockroach barely misses you. The gnoll barely misses you.
The gnoll hits you from afar with a +0 spear.
The gnoll completely misses you.
Duvessa hits you with a +1 short sword of speed.
* * * LOW HITPOINT WARNING * * *
You closely miss the gnoll.
The gnoll is severely wounded.
The giant cockroach closely misses you. Duvessa closely misses you.
The gnoll closely misses you.
The gnoll hits you but does no damage. x2
You hit the gnoll. You bite the gnoll, but do no damage.
The gnoll is almost dead.
Duvessa hits you with a +1 short sword of speed.
* * * LOW HITPOINT WARNING * * *
The giant cockroach closely misses you. Dowan closely misses you.
Duvessa hits you but does no damage. The gnoll closely misses you.
The gnoll hits you from afar with a +0 spear.
* * * LOW HITPOINT WARNING * * *
The gnoll hits you from afar with a +0 spear.
* * * LOW HITPOINT WARNING * * *
You hit the gnoll.
You kill the gnoll!
The giant cockroach barely misses you. Dowan hits you with a +0 dagger.
* * * LOW HITPOINT WARNING * * *
Duvessa hits you with a +1 short sword of speed!
You die...

. ....# #..# ##.
#..###### ##.#
...#<......# #.#
#.#.......# #.##
#.........# #..#
#.......# ##.#
.#.#####.......#######.#
.......Be..............#
##..###@##.....#########
......e).#....!#
......gg.#.....#
.........#######
.....>...# .........#
.........# .........#


You could see Duvessa, Dowan (fast), 2 gnolls and a giant cockroach.

Vanquished Creatures
  A phantom (D:4)
  Jessica (D:2)
  Terence (D:2)
  A gnoll (D:4)
  3 adders (D:2)
  3 worms (D:2)
  2 dart slugs
  2 orcs
  8 bats
  4 endoplasms
  2 giant cockroaches (D:2)
  6 goblins
  8 hobgoblins
  3 jackals (D:2)
  4 quokkas
  3 ball pythons
  2 frilled lizards (D:3)
  A kobold (D:1)
  4 rats
59 creatures vanquished.

Notes
Turn   | Place    | Note
-------+----------+-------------------------------------------
     0 | D:1      | dave1331 the Vine Stalker Brigand began the quest for the
                  | Orb.
     0 | D:1      | Reached XP level 1. HP: 11/11 MP: 2/2
   109 | D:1      | Reached skill level 1 in Dodging
   109 | D:1      | Reached XP level 2. HP: 15/15 MP: 3/3
   153 | D:1      | Reached skill level 5 in Stealth
   314 | D:2      | Reached XP level 3. HP: 14/18 MP: 2/4
   351 | D:2      | Noticed Jessica
   361 | D:2      | Killed Jessica
   375 | D:2      | Gained mutation: Your natural rate of healing is unusually
                  | fast. [Vine Stalker growth]
   375 | D:2      | Reached XP level 4. HP: 12/23 MP: 1/5
   812 | D:2      | Noticed Terence
   833 | D:2      | Killed Terence
   834 | D:2      | Reached XP level 5. HP: 24/27 MP: 6/6
   904 | D:3      | Found a faded altar of an unknown god.
  1039 | D:3      | Found a radiant altar of Vehumet.
  1193 | D:4      | Noticed a phantom
  1206 | D:4      | Killed a phantom
  1262 | D:4      | Noticed Dowan
  1264 | D:4      | Noticed Duvessa
  1274 | D:4      | HP: 1/28 [Dowan/+0 dagger (3)]
  1274 | D:4      | Mangled by Duvessa

Illustrated notes

Levels and vault maps discovered:
D:1:      minmay_arrival_doors, layout_basic, chequers_arboretum
D:2:      layout_basic, uniq_crazy_yiuf_cottage, uniq_terence, uniq_natasha,
          uniq_jessica
D:3:      layout_rooms, mainiacjoe_overflow_alcove_1,
          ebering_ecumenical_altar_box
D:4:      layout_rooms, minmay_temple_entry_offerings, uniq_menkaure,
          uniq_duvessa

Skill      XL: |  1  2  3  4  5 |
---------------+----------------+-----
Dodging        | 1 2 |  2.0
Stealth        | 5 |  5.8
Fighting       | 2 |  2.9
Throwing       | 2 |  2.8
Short Blades   | 2 |  2.9

Action                   |  1- 3 |  4- 6 || total
-------------------------+-------+-------++-------
Melee: Dagger            |    53 |   100 ||   153
       Bite              |    11 |    27 ||    38
       Punch             |       |     3 ||     3
       Rapier            |       |    42 ||    42
 Stab: Sleeping          |     9 |     4 ||    13
Armor: Robe              |     6 |    16 ||    22
       Scale mail        |       |    23 ||    23
Dodge: Dodged            |    24 |   113 ||   137

Table legend: (Time is in decaauts)
 A = Elapsed time spent in this place.
 B = Non-inter-level travel time spent in this place.
 C = Inter-level travel time spent in this place.
 D = Time resting spent in this place.
 E = Time spent auto-exploring this place.
 F = Levels seen in this place.
 G = Mean time per level.
                   A        B        C        D        E       F      G
               +--------+--------+--------+--------+--------+-----+--------+
         Total |   1257 |    560 |    697 |      0 |      0 |   4 |  314.2 |
       Dungeon |   1257 |    560 |    697 |      0 |      0 |   4 |  314.2 |
               +--------+--------+--------+--------+--------+-----+--------+

Top non-repeatable levels by time:
     D:2: 566 daAuts
     D:1: 275 daAuts
     D:3: 262 daAuts
     D:4: 153 daAuts
